 Dungeon Crawl Stone Soup version 0.27-a0-1202-ge72e49191c (webtiles) character file.

Game seed: 1321608197923357210

442 Gwenloh the Chopper (level 6, -2/56 HPs)
             Began as a Minotaur Fighter on June 5, 2021.
             Was an Initiate of Ru.
             Slain by a mummy (15 damage)
             ... in an ossuary.
             The game lasted 00:13:02 (3888 turns).

Gwenloh the Chopper (Minotaur Fighter)              Turns: 3888, Time: 00:13:03

Health: -2/56      AC: 10    Str: 21    XL:     6   Next: 71%
Magic:  5/5        EV:  7    Int:  5    God:    Ru [......]
Gold:   65         SH: 10    Dex: 11    Spells: 5/5 levels left

rFire    . . .     SeeInvis .   a - +0 war axe
rCold    . . .     Faith    .   c - +0 kite shield
rNeg     + . .     Spirit   .   j - +0 scale mail
rPois    .         Reflect  .   (helmet restricted)
rElec    .         Harm     +   y - scarf {harm}
rCorr    .         Rampage  .   s - +1 pair of gloves
Will     .....                  q - +0 pair of boots
Stlth    ..........             u - amulet of magic regeneration
HPRegen  0.18/turn              g - ring of positive energy
MPRegen  0.34/turn              (no ring)

@: mighty
A: horns 2, retaliatory headbutt
a: Renounce Religion


You were in an ossuary.
You worshipped Ru.
Ru was noncommittal.
You visited 1 branch of the dungeon, and saw 4 of its levels.
You also visited: Ossuary.

You collected 65 gold pieces.

Inventory:

Hand Weapons
 a - a +0 war axe (weapon)
 b - a +0 hunting sling
Missiles
 k - 31 sling bullets
 l - 11 stones (quivered)
 p - 25 bolts
 x - 8 boomerangs
Armour
 c - a +0 kite shield (worn)
 j - a +0 scale mail (worn)
 q - a +0 pair of boots (worn)
 s - a +1 pair of gloves (worn)
 y - a scarf of harm (worn)
Jewellery
 g - a ring of positive energy (left hand)
 h - a ring of fire
 u - an amulet of magic regeneration (around neck)
 w - a ring of flight
Wands
 n - a wand of digging (5)
Scrolls
 e - 3 scrolls of identify {unknown}
 f - a scroll of amnesia {unknown}
 o - a scroll of enchant armour {unknown}
 r - a scroll of magic mapping {unknown}
 t - a scroll of fear {unknown}
 v - a scroll of fog {unknown}
 z - a scroll of teleportation {unknown}
Potions
 i - a potion of flight {unknown}
 m - 2 potions of magic {unknown}


   Skills:
 + Level 5.2 Fighting
 * Level 5.7 Axes
 + Level 5.3 Armour
 + Level 5.2 Shields


You had 5 spell levels left.
You didn't know any spells.
Your spell library contained the following spells:

 Spells                   Type           Power      Damage    Failure   Level
 Animate Skeleton         Necr           0%         N/A       99%         1
 Apportation              Tloc           0%         N/A       99%         1
 Corona                   Hex            0%         N/A       99%         1
 Summon Small Mammal      Summ           0%         N/A       99%         1
 Confusing Touch          Hex            0%         N/A       100%        3
 Gell's Gravitas          Tloc           0%         N/A       100%        3
 Petrify                  Tmut/Erth      0%         N/A       100%        4
 Metabolic Englaciation   Hex/Ice        0%         N/A       100%        5
 Yara's Violent Unravell  Hex/Tmut       0%         3d3       100%        5


Dungeon Overview and Level Annotations

Branches:
Dungeon (4/15)            Ossuary (1/1)
 Temple: D:4-7

Altars:
Elyvilon
Ru

Shops:
D:2 *


Innate Abilities, Weirdness & Mutations

You have a pair of horns on your head.
You reflexively headbutt those who attack you in melee.


Message History

You hit Menkaure.
Menkaure is moderately damaged.
Menkaure points at you and mumbles some strange words.
You are unaffected.
A mummy comes into view.
You hit Menkaure but do no damage.
Menkaure is moderately damaged.
Menkaure hits you! Menkaure hits you but does no damage.
You hit Menkaure. You headbutt Menkaure.
Menkaure is severely damaged.
Menkaure hits you!
You hit Menkaure but do no damage.
Menkaure is severely damaged.
Menkaure calls on the powers of darkness!
Your body is wracked with pain!
* * * LOW HITPOINT WARNING * * *
You feel very mighty all of a sudden. Menkaure hits you.
* * * LOW HITPOINT WARNING * * *
You slash Menkaure!
You destroy Menkaure!
Your Fighting skill increases to level 5!
Your Shields skill increases to level 5!
The mummy barely misses you.
You see here a stone.
You barely miss the mummy. You headbutt the mummy.
The mummy is moderately damaged.
You barely miss the mummy. Your headbutt misses the mummy.
The mummy is moderately damaged.
The mummy barely misses you.
You barely miss the mummy.
The mummy is moderately damaged.
You block the mummy's attack.
You slice the mummy!!
You destroy the mummy!
Your shield prevents you from hitting the mummy.
You headbutt the mummy.
The mummy is lightly damaged.
The mummy hits you!
You die...

##^.##..## ##..# ##..##..## ##.^
##..##..## ##. ##..##.^## ##
##^.##..## # ##.^##^.##
##..##..##
#..##..##########################
^.##^........^..@M(.(............
^################################
..........^.............^........
#################################


You could see a mummy.

Vanquished Creatures
  Menkaure (Ossuary)
  A scorpion (D:4)
  A hound (D:4)
  3 orc wizards (D:3)
  A mummy (Ossuary)
  3 adders
  An ufetubus (D:4)
  2 worms
  A dart slug (D:3)
  10 orcs
  3 ball pythons
  4 endoplasms
  A giant cockroach (D:1)
  6 goblins
  5 hobgoblins
  4 jackals (D:1)
  3 quokkas
  3 bats
  4 gnoll skeletons (Ossuary)
  4 gnoll zombies (Ossuary)
  2 goblin skeletons (Ossuary)
  4 goblin zombies (Ossuary)
  A hobgoblin skeleton (Ossuary)
  3 hobgoblin zombies (Ossuary)
  7 kobolds
  6 kobold skeletons (Ossuary)
  3 kobold zombies (Ossuary)
  An orc skeleton (Ossuary)
  5 orc zombies (Ossuary)
  4 rats (D:2)
  5 rat skeletons (Ossuary)
  4 rat zombies (Ossuary)
106 creatures vanquished.

Vanquished Creatures (others)
  A hobgoblin skeleton (Ossuary)
  An orc skeleton (Ossuary)
  A rat skeleton (Ossuary)
3 creatures vanquished.

Grand Total: 109 creatures vanquished

Notes
Turn   | Place    | Note
-------+----------+-------------------------------------------
     0 | D:1      | Gwenloh the Minotaur Fighter began the quest for the Orb.
     0 | D:1      | Reached XP level 1. HP: 19/19 MP: 0/0
    73 | D:1      | Found a faded altar of an unknown god.
   369 | D:1      | Reached XP level 2. HP: 27/27 MP: 1/1
   997 | D:2      | Found Unut's General Store.
  1130 | D:2      | Reached XP level 3. HP: 29/33 MP: 2/2
  2059 | D:3      | Found a sacrificial altar of Ru.
  2065 | D:3      | Reached XP level 4. HP: 40/40 MP: 3/3
  2342 | D:3      | Became a worshipper of Ru the Awakened
  2415 | D:3      | Found a white marble altar of Elyvilon.
  2482 | D:3      | Reached XP level 5. HP: 23/47 MP: 4/4
  3143 | D:4      | Reached skill level 5 in Axes
  3143 | D:4      | Reached skill level 5 in Armour
  3143 | D:4      | Reached XP level 6. HP: 39/55 MP: 5/5
  3171 | D:4      | Found a sand-covered staircase.
  3178 | Ossuary  | Entered an ossuary
  3869 | Ossuary  | Noticed Menkaure
  3881 | Ossuary  | Killed Menkaure
  3882 | Ossuary  | Reached skill level 5 in Fighting
  3882 | Ossuary  | Reached skill level 5 in Shields
  3888 | Ossuary  | Slain by a mummy

Illustrated notes

Levels and vault maps discovered:
D:1:      dpeg_arrival_chambers_temple_mockup, layout_basic,
          hellmonk_ecumenical_altar_blasted
D:2:      layout_basic, serial_shops, shop
D:3:      layout_basic, nicolae_ru_great_annihilating_truth, elyvilon_altar_3,
          due_unseen_surprise
D:4:      minmay_goblin_kobold_castle, layout_rooms, bloody_makhleb,
          marbit_many_paths, enter_ossuary_4, minmay_misc_feat_pillars,
          uniq_robin
Ossuary:  ossuary_due_pyramid

Skill      XL: |  1  2  3  4  5  6 |
---------------+-------------------+-----
Armour         | 4 5 |  5.3
Axes           | 3 4 5 |  5.7
Shields        | 4 5 |  5.2
Fighting       | 4 5 |  5.2

Action                   |  1- 3 |  4- 6 || total
-------------------------+-------+-------++-------
Melee: War axe           |    53 |    72 ||   125
       Headbutt          |     4 |     9 ||    13
 Fire: Hunting sling     |    39 |   116 ||   155
  Use: Potion            |       |     1 ||     1
 Stab: Paralysed         |       |     1 ||     1
Armor: Scale mail        |    29 |    39 ||    68
Dodge: Dodged            |    32 |    34 ||    66
Block: Kite shield       |    39 |    42 ||    81

Table legend: (Time is in decaauts)
 A = Elapsed time spent in this place.
 B = Non-inter-level travel time spent in this place.
 C = Inter-level travel time spent in this place.
 D = Time resting spent in this place.
 E = Time spent auto-exploring this place.
 F = Levels seen in this place.
 G = Mean time per level.
                   A        B        C        D        E       F      G
               +--------+--------+--------+--------+--------+-----+--------+
         Total |   3993 |   3875 |    118 |    130 |   2690 |   5 |  798.6 |
       Dungeon |   3242 |   3124 |    118 |      0 |   2486 |   4 |  810.5 |
       Ossuary |    751 |    751 |      0 |    130 |    204 |   1 |  751.0 |
               +--------+--------+--------+--------+--------+-----+--------+

Top non-repeatable levels by time:
     D:3: 1059 daAuts
     D:2: 1046 daAuts
     D:1: 936 daAuts
 Ossuary: 751 daAuts
     D:4: 199 daAuts
